 Dungeon Crawl Stone Soup version 0.21.1 (webtiles) character file.

42 rlgrobin the Skirmisher (level 3, 0/29 HPs)
             Began as a Demonspawn Fighter on Feb 3, 2018.
             Succumbed to a goblin's poison
             ... on level 3 of the Dungeon.
             The game lasted 00:05:59 (1287 turns).

rlgrobin the Skirmisher (Demonspawn Fighter)        Turns: 1287, Time: 00:05:59

Health: 0/29       AC:  6    Str: 17    XL:     3   Next: 33%
Magic:  3/3        EV:  7    Int:  9    God:
Gold:   54         SH:  9    Dex: 12    Spells: 2/2 levels left

rFire    . . .     SeeInvis .   a - +0 long sword
rCold    + . .     Gourm    .   c - +0 shield
rNeg     . . .     Faith    .   b - +0 scale mail
rPois    .         Spirit   .   (no helmet)
rElec    .         Reflect  .   (no cloak)
rCorr    .         Harm     .   (no gloves)
MR       .....                  (no boots)
Stlth    ..........             m - amulet of regeneration
HPRegen  0.49/turn              (no ring)
MPRegen  0.08/turn              l - ring of protection from cold

@: lethally poisoned (0 -> -13)
A: powered by pain 2
a: no special abilities


You were on level 3 of the Dungeon.
You were very hungry.

You visited 1 branch of the dungeon, and saw 3 of its levels.

You collected 54 gold pieces.


Innate Abilities, Weirdness & Mutations

You sometimes gain power by taking damage.


   Skills:
 + Level 3.4 Fighting
 + Level 2.2 Long Blades
 + Level 3.1 Armour
 + Level 3.1 Shields


You had 2 spell levels left.
You didn't know any spells.

Inventory:

Hand Weapons
 a - a +0 long sword (weapon)
Armour
 b - a +0 scale mail (worn)
 c - a +0 shield (worn)
Jewellery
 l - a ring of protection from cold (right hand)
 m - an amulet of regeneration (around neck)
Scrolls
 g - 2 scrolls of remove curse {unknown}
 h - 2 scrolls of enchant weapon {unknown}
 j - a scroll of teleportation {unknown}
 k - 3 scrolls of identify {unknown}
 q - a scroll of amnesia {unknown}
Potions
 d - 2 potions of might
 e - 2 potions of heal wounds {unknown}
 i - 4 potions of curing {unknown}
 n - a potion of haste {unknown}
 o - a potion of degeneration {unknown}
 p - a potion of brilliance {unknown}
Comestibles
 f - 4 rations

Dungeon Overview and Level Annotations

Branches:
Dungeon (3/15)

Altars:
Elyvilon
Gozag
Sif Muna
Xom

▒... ▒..▒
▒..▒ ▒▒▒
▒▒.. ▒ ...
...▒▒▒▒.▒▒▒.
..
▒.▒▒?...>...
▒▒▒▒▒.▒)▒▒<▒
......)gb6.▒
▒▒▒▒▒.)▒▒▒▒▒
..... ▒▒▒▒.▒
▒. ▒. ▒


You could see a goblin and a bat.


Message History

You take 2 damage, and have 14/29 hp!
Unknown command!
You closely miss the goblin!
The goblin is heavily wounded! * * * don't die
* * * You feel very sick!
You block the goblin's attack! You block the hobgoblin's attack!
You take 4 damage, and have 10/29 hp!
You closely miss the goblin!
The goblin is heavily wounded! * * * don't die
* * * You feel very sick!
The goblin hits you but does no damage!
The hobgoblin hits you but does no damage!
You block the goblin's attack!
You take 3 damage, and have 7/29 hp! * * * don't die
* * * You feel sick!
You take 1 damage, and have 6/29 hp!
You open the hobgoblin like a pillowcase!!!
You annihilate the hobgoblin!!! * * * don't die
* * * You feel very sick!
The bat hits you but does no damage!
You take 3 damage, and have 3/29 hp! * * * don't die
* * * You feel sick!
The bat hits you but does no damage! You block the bat's attack!
You take 1 damage, and have 2/29 hp!
You carve the bat but do no damage! rip

Action                   || total
-------------------------++-------
Melee: Long sword        ||    96
Armor: Scale mail        ||    53
Dodge: Dodged            ||    25
Block: Shield            ||    59
       Rpst.: Long sword ||     9

Vault maps used:
D:1:      kb_arrival_jail
D:2:      xom_butterflies, lemuel_blue_sif_altar, nicolae_overflow_hidden_temple
D:3:      first_ration

Notes
Turn   | Place    | Note
-------+----------+-------------------------------------------
     0 | D:1      | rlgrobin the Demonspawn Fighter began the quest for the Orb.
     0 | D:1      | Reached XP level 1. HP: 18/18 MP: 1/1
     2 | D:1      | Noticed a vampire
     2 | D:1      | Noticed a felid
     4 | D:1      | Noticed a gargoyle
     6 | D:1      | Noticed an elf
     8 | D:1      | Noticed a vine stalker
    10 | D:1      | Noticed a demonspawn
    12 | D:1      | Noticed a demigod
    12 | D:1      | Noticed a centaur
    14 | D:1      | Noticed a spriggan
    14 | D:1      | Noticed a halfling
    16 | D:1      | Noticed a minotaur
    16 | D:1      | Noticed an octopode
    19 | D:1      | Noticed a troll
    19 | D:1      | Noticed a formicid
    21 | D:1      | Noticed a naga
    21 | D:1      | Noticed a tengu
    23 | D:1      | Noticed a merfolk
    23 | D:1      | Noticed a draconian
    25 | D:1      | Noticed an ogre
    25 | D:1      | Noticed a human
    27 | D:1      | Noticed a dwarf
    27 | D:1      | Noticed a ghoul
    73 | D:1      | Reached skill level 2 in Long Blades
    73 | D:1      | Gained mutation: You sometimes gain a little power by taking damage. [demonic ancestry]
    73 | D:1      | Reached XP level 2. HP: 18/24 MP: 2/2
   394 | D:2      | Reached skill level 3 in Shields
   429 | D:2      | Reached skill level 3 in Armour
   522 | D:2      | Found a white marble altar of Elyvilon.
   524 | D:2      | Found an opulent altar of Gozag.
   594 | D:2      | Found a shimmering altar of Xom.
   696 | D:2      | Gained mutation: You sometimes gain power by taking damage. [demonic ancestry]
   696 | D:2      | Reached XP level 3. HP: 29/29 MP: 3/3
  1053 | D:2      | Found a deep blue altar of Sif Muna.
  1286 | D:3      | HP: 2/29 [poisoned by a goblin]
  1287 | D:3      | Succumbed to a goblin's poison

Vanquished Creatures
  A dart slug (D:1)
  2 leopard geckos
  An orc (D:3)
  A ball python (D:1)
  A giant cockroach (D:2)
  5 goblins
  5 hobgoblins
  8 kobolds
  A quokka (D:2)
  3 bats (D:2)
  4 frilled lizards
  3 rats
35 creatures vanquished.
